 Dungeon Crawl Stone Soup version 0.28.0-43-g3370ac3207 (webtiles) character file.

Game seed: 9311869761343272983

10610 Exporg the Basher (level 11, 0/87 HPs)
             Began as a Formicid Fighter on Mar 19, 2022.
             Was a Follower of Dithmenos.
             Slain by a two-headed ogre
             ... wielding a +0 dire flail
              (13 damage)
             ... on level 12 of the Dungeon.
             The game lasted 00:23:14 (13415 turns).

Exporg the Basher (Formicid Fighter)               Turns: 13415, Time: 00:23:15

Health: 0/87       AC: 15    Str: 23    XL:     11   Next: 96%
Magic:  0/11       EV:  7    Int:  8    God:    Dithmenos [*.....]
Gold:   669        SH: 10    Dex: 12    Spells: 10/10 levels left

rFire   . . .      SeeInvis +   q - +2 flail (holy)
rCold   + . .      Faith    .   C - +0 kite shield
rNeg    . . .      Spirit   +   p - +0 plate armour
rPois   .          Reflect  .   (helmet unavailable)
rElec   .          Harm     .   D - +0 cloak
rCorr   +          Rampage  .   (no gloves)
Will    +....                   (no boots)
Stlth   ..........              R - amulet of guardian spirit
HPRegen 0.24/turn               F - ring "Uhue" {rC+ rCorr}
MPRegen 0.12/turn               A - +4 ring of slaying

@: wreathed by umbra
A: permanent stasis, dig shafts and tunnels, antennae 3, four strong arms
a: Dig, Shaft Self, Renounce Religion


You were on level 12 of the Dungeon.
You worshipped Dithmenos.
Dithmenos was aware of your devotion.
You visited 2 branches of the dungeon, and saw 13 of its levels.

You collected 669 gold pieces.

Inventory:

Hand Weapons
 a - a +0 war axe
 d - a +1 long sword of flaming
 l - a +2 mace of protection
 q - a +2 flail of holy wrath (weapon)
 H - a +3 scimitar
 O - a +0 great mace
 Q - a +0 battleaxe
Missiles
 f - 75 bolts
 N - a throwing net
Armour
 b - a +0 scale mail
 c - a +0 buckler
 p - a +0 plate armour (worn)
 s - the +18 Lear's hauberk
   (You found it on level 4 of the Dungeon)
 y - a +0 chain mail
 C - a +0 kite shield (worn)
 D - a +0 cloak (worn)
 E - +0 steam dragon scales
Jewellery
 u - a ring of magical power
 x - a ring of positive energy
 A - a +4 ring of slaying (right hand)
 F - the ring "Uhue" (left hand) {rC+ rCorr}
   (You found it on level 6 of the Dungeon)

   [ring of protection from cold]

   rC:        It protects you from cold.
   rCorr:     It protects you from acid and corrosion.
 R - an amulet of guardian spirit (around neck)
Wands
 z - a wand of flame (1)
Scrolls
 g - 3 scrolls of enchant weapon {unknown}
 h - a scroll of fear {unknown}
 i - 2 scrolls of enchant armour {unknown}
 j - 2 scrolls of summoning {unknown}
 k - 5 scrolls of magic mapping {unknown}
 m - 7 scrolls of vulnerability {unknown}
 n - 2 scrolls of immolation {unknown}
 t - a scroll of fog {unknown}
 v - 4 scrolls of teleportation {unknown}
 I - 3 scrolls of noise {unknown}
 K - a scroll of blinking {unknown}
Potions
 e - a potion of heal wounds
 o - a potion of attraction
 r - 3 potions of curing
 w - 2 potions of flight
 B - 3 potions of resistance
 G - 3 potions of brilliance
 L - 9 potions of degeneration
Miscellaneous
 M - a piece from Xom's chessboard (15/15)
 P - a piece from Xom's chessboard (15/15)


   Skills:
 + Level 8.4 Fighting
 + Level 3.2(7.8) Axes
 + Level 11.1(11.3) Maces & Flails
 + Level 9.8 Armour
 + Level 2.7 Dodging
 + Level 2.9 Stealth
 + Level 9.1 Shields
 + Level 3.6 Evocations


You had 10 spell levels left.
You didn't know any spells.
Your spell library contained the following spells:

 Spells                   Type           Power      Damage    Failure   Level
 Static Discharge         Conj/Air       0%         N/A       100%        2
 Call Canine Familiar     Summ           0%         N/A       100%        3
 Dazzling Flash           Conj/Hex       0%         N/A       100%        3
 Gell's Gravitas          Tloc           0%         N/A       100%        3
 Portal Projectile        Hex/Tloc       0%         N/A       100%        3
 Teleport Other           Tloc           0%         N/A       100%        3
 Leda's Liquefaction      Hex/Erth       0%         N/A       100%        4
 Summon Ice Beast         Ice/Summ       0%         N/A       100%        4
 Agony                    Necr           0%         N/A       100%        5
 Lightning Bolt           Conj/Air       0%         1d11      100%        5
 Silence                  Hex/Air        0%         N/A       100%        5
 Summon Mana Viper        Hex/Summ       0%         N/A       100%        5
 Dispersal                Tloc           0%         N/A       100%        6
 Monstrous Menagerie      Summ           0%         N/A       100%        7
 Maxwell's Capacitive Co  Air            0%         ∞         100%        8


Dungeon Overview and Level Annotations

Branches:
Dungeon (12/15)            Temple (1/1) D:7            Lair (0/6) D:10
    Orc (0/2) D:10

Altars:
Ashenzari
Cheibriados
Dithmenos
Elyvilon
Fedhas
Gozag
Hepliaklqana
Kikubaaqudgha
Makhleb
Okawaru
Qazlal
Ru
Sif Muna
Trog
Uskayaw
Vehumet
Wu Jian
Xom
Yredelemnul
Zin
The Shining One

Shops:
D:1 ?


Innate Abilities, Weirdness & Mutations

You cannot be hasted, slowed, berserked, paralysed or teleported.
You can dig through walls and to a lower floor.
You have a pair of large antennae on your head. (SInv)
Your four strong arms can wield two-handed weapons with a shield.


Message History

No target in view!
No target in view!
You enter the shallow water.
Moving in this stuff is going to be slow.
Things that are here:
a +0 giant club; a +0 giant club An electric eel comes into view.
There is a stone staircase leading down here.
You climb downwards.
You hear a distant snort.
Hark!
There is a gateway to a gauntlet on this level.
Find the entrance quickly before the gate is sealed!
There is a stone staircase leading up here.
You sense a monster nearby.
You sense a monster nearby.
A two-headed ogre comes into view.
It is wielding a +0 dire flail and a +0 giant spiked club.
Found a scale mail.
Okay, then.
Okay, then.
You block the two-headed ogre's attack.
The two-headed ogre hits you with a +0 giant spiked club!
You closely miss the two-headed ogre.
The two-headed ogre hits you with a +0 dire flail!!
You block the two-headed ogre's attack.
You sock the two-headed ogre!
The two-headed ogre is moderately wounded.
The two-headed ogre hits you with a +0 dire flail.
The two-headed ogre hits you with a +0 giant spiked club!!
You hit the two-headed ogre.
The two-headed ogre is moderately wounded.
You block the two-headed ogre's attack.
The two-headed ogre hits you with a +0 giant spiked club!!
* * * LOW HITPOINT WARNING * * *
You hear the faint beating of a distant drum.
Are you sure you want to shaft yourself?
The two-headed ogre barely misses you. You block the two-headed ogre's attack.
You begin to dig a shaft.
You continue digging a shaft.
The two-headed ogre hits you with a +0 dire flail!
* * * LOW HITPOINT WARNING * * *
The two-headed ogre hits you with a +0 giant spiked club!
You die...

#.........# #.# {
#.######### #.#
#.# #.# #.. #.#
..############.##
#.# #...........#
#.# #.########..#
#.# #.########..#
### #....O@<##..#
##########..#
...# ...# ....


You could see a two-headed ogre.

Vanquished Creatures
  2 two-headed ogres
  A hydra (D:11)
  An ugly thing (D:11)
  A cyclops (D:11)
  A gargoyle (D:10)
  A kobold demonologist (D:10)
  Maggie (D:7)
  A troll (D:10)
  A hornet (D:5)
  A meliai zombie (D:11)
  A wraith (D:7)
  9 yaks
  2 vampires
  A wyvern (D:9)
  A steam dragon (D:6)
  2 acid dragons (D:10)
  A water moccasin (D:9)
  2 orc warriors
  2 ice beasts
  A swamp drake (D:10)
  A sky beast (D:5)
  2 black bears
  2 ogres
  2 centaurs
  2 phantoms (D:4)
  2 kobold brigands
  An elf zombie (D:5)
  A bullfrog (D:8)
  A gnoll sergeant (D:5)
  2 scorpions (D:5)
  A water moccasin zombie (D:3)
  A wyvern skeleton (D:5)
  A water moccasin skeleton (D:6)
  4 killer bees (D:10)
  8 wights
  4 howler monkeys
  6 electric eels
  3 centaur zombies
  4 hounds
  A jelly (D:5)
  6 orc priests
  3 human skeletons (D:5)
  2 iguanas
  3 orc wizards
  A hound skeleton (D:5)
  16 gnolls
  A howler monkey skeleton (D:4)
  7 adders
  3 shadow imps (D:7)
  An ufetubus (D:4)
  An adder skeleton (D:2)
  2 worms (D:2)
  3 dart slugs (D:3)
  23 orcs
  3 bats
  14 endoplasms
  5 giant cockroaches
  12 goblins
  5 hobgoblins
  14 kobolds
  5 quokkas
  5 ball pythons
  3 frilled lizards
  2 orc skeletons (D:5)
  11 rats
233 creatures vanquished.

Vanquished Creatures (others)
  An orc warrior (D:10)
  An orc (D:10)
  7 plants (D:12)
9 creatures vanquished.

Grand Total: 242 creatures vanquished

Notes
Turn   | Place    | Note
-------+----------+-------------------------------------------
     0 | D:1      | Exporg the Formicid Fighter began the quest for the Orb.
     0 | D:1      | Reached XP level 1. HP: 18/18 MP: 1/1
   134 | D:1      | Reached XP level 2. HP: 24/24 MP: 2/2
   448 | D:1      | You fall into a shaft and drop 1 floor!
   457 | D:2      | Reached XP level 3. HP: 25/29 MP: 3/3
   733 | D:1      | Reached XP level 4. HP: 23/37 MP: 4/4
   852 | D:1      | Found Pummoqi's Magic Scroll Shop.
  1145 | D:1      | Found a faded altar of an unknown god.
  1973 | D:2      | Reached XP level 5. HP: 42/42 MP: 5/5
  2258 | D:3      | Reached skill level 1 in Maces & Flails
  2643 | D:3      | Reached XP level 6. HP: 42/48 MP: 6/6
  2647 | D:3      | Reached skill level 2 in Maces & Flails
  2655 | D:3      | Reached skill level 1 in Stealth
  2921 | D:3      | Found a stormy altar of Qazlal.
  3227 | D:4      | Reached skill level 1 in Dodging
  3487 | D:4      | Found the +18 Lear's hauberk
  3717 | D:4      | Reached skill level 3 in Maces & Flails
  3893 | D:4      | Reached XP level 7. HP: 45/55 MP: 7/7
  4090 | D:4      | Reached skill level 5 in Armour
  4302 | D:4      | Reached skill level 4 in Maces & Flails
  4701 | D:5      | Entered Level 5 of the Dungeon
  4861 | D:5      | Reached XP level 8. HP: 55/61 MP: 8/8
  4869 | D:5      | Reached skill level 5 in Fighting
  4869 | D:5      | Reached skill level 5 in Maces & Flails
  5470 | D:5      | Reached skill level 5 in Shields
  5725 | D:5      | Reached skill level 6 in Maces & Flails
  6047 | D:5      | Reached XP level 9. HP: 60/68 MP: 9/9
  6189 | D:6      | Noticed a hornet
  6207 | D:5      | Killed a hornet
  6208 | D:5      | Reached skill level 7 in Maces & Flails
  6704 | D:6      | Identified the ring "Uhue" {rC+ rCorr}
  6744 | D:6      | Identified the +2 robe "Sogucekhy" {Will+}
  6952 | D:6      | Found a snail-covered altar of Cheibriados.
  7210 | D:7      | Reached skill level 1 in Evocations
  7369 | D:7      | Reached skill level 8 in Maces & Flails
  7443 | D:7      | Found an ornate altar of the Wu Jian Council.
  7466 | D:7      | Found a staircase to the Ecumenical Temple.
  7467 | D:7      | Noticed Maggie
  7479 | D:7      | Killed Maggie
  7480 | D:7      | Reached XP level 10. HP: 46/77 MP: 10/10
  7489 | Temple   | Entered the Ecumenical Temple
  7683 | Temple   | Became a worshipper of Dithmenos the Shadowed
  8263 | D:7      | Found a basalt altar of Yredelemnul.
  8628 | D:8      | Found a shimmering altar of Xom.
  8639 | D:8      | You fall into a shaft and drop 1 floor!
  9475 | D:9      | Reached skill level 9 in Maces & Flails
  9864 | D:8      | Reached * piety under Dithmenos
 10550 | D:9      | Found a burning altar of Makhleb.
 10551 | D:9      | Found a sacrificial altar of Ru.
 10782 | D:10     | Entered Level 10 of the Dungeon
 10805 | D:10     | Noticed a two-headed ogre
 10831 | D:10     | Killed a two-headed ogre
 10832 | D:10     | Reached XP level 11. HP: 67/84 MP: 11/11
 10945 | D:10     | Reached skill level 10 in Maces & Flails
 11917 | D:10     | Found a staircase to the Lair.
 11945 | D:10     | Found a staircase to the Orcish Mines.
 12378 | D:11     | Noticed a seven-headed hydra
 12462 | D:11     | Killed a seven-headed hydra
 12654 | D:11     | Noticed a two-headed ogre
 12661 | D:11     | Killed a two-headed ogre
 12734 | D:11     | Identified the -4 buckler of Shielding {+Blink rC+}
 12757 | D:11     | Noticed a cyclops
 12766 | D:11     | Killed a cyclops
 12976 | D:11     | Noticed a cyan ugly thing
 12994 | D:11     | Killed a cyan ugly thing
 13012 | D:11     | Reached skill level 11 in Maces & Flails
 13374 | D:12     | Noticed a two-headed ogre
 13415 | D:12     | Slain by a two-headed ogre

Illustrated notes

Levels and vault maps discovered:
D:1:      dpeg_arrival_shrine, layout_rooms, serial_shops, shop,
          chequers_ecumenical_altar_grove, chequers_mini_garden
D:2:      minmay_chambers_of_twos, layout_basic, grunt_ministairs_3
D:3:      layout_loops_ring, nicolae_qazlal_eye_of_the_storm
D:4:      layout_loops_corners
D:5:      layout_loops_ring, nicolae_ossuary_entry_catacombs, fountainhead,
          kennysheep_another_room
D:6:      layout_rooms, mainiacjoe_overflow_brackets, minivault_19
D:7:      layout_basic, mainiacjoe_overflow_catch_the_wave,
          minmay_temple_entry_antechambers, st_stairs_5, uniq_maggie
D:8:      kennysheep_housing_project, layout_basic,
          nemelex_diamond_rough_becter, xom_teletrap_fun
D:9:      layout_basic, nicolae_overflow_squiral, enter_bailey_8
D:10:     layout_loops_ring, lair_entry_dummy, erik_orc_1
D:11:     layout_basic
D:12:     layout_basic, serial_bayou, serial_bayou_pond_e,
          serial_bayou_lagoon_a, serial_bayou_pond_d, serial_bayou_lagoon_b,
          serial_bayou_crossing, gauntlet_entry_generic, billiards_dpeg,
          uniq_psyche, uniq_jorgrun, uniq_rupert, uniq_urug
Temple:   dpeg_chambers_temple

Skill      XL: |  1  2  3  4  5  6  7  8  9 10 11 |
---------------+----------------------------------+-----
Shields        | 4 5 6 7 9 |  9.1
Armour         | 4 5 6 7 8 9 |  9.8
Axes           | 3 |  3.2
Fighting       | 4 5 6 7 8 |  8.4
Maces & Flails | 1 3 4 6 8 9 11 | 11.1
Stealth        | 1 2 |  2.9
Dodging        | 1 2 |  2.7
Evocations     | 1 3 |  3.6

Action                   |  1- 3 |  4- 6 |  7- 9 | 10-12 || total
-------------------------+-------+-------+-------+-------++-------
Melee: War axe           |    78 |    36 |       |       ||   114
       Mace              |       |    97 |       |       ||    97
       Flail             |       |    95 |   251 |   299 ||   645
 Abil: Dig               |       |     1 |     1 |       ||     2
       Shaft Self        |       |       |       |     2 ||     2
Evoke: Wand              |       |       |    11 |    23 ||    34
  Use: Potion            |       |       |     1 |       ||     1
       Scroll            |       |       |       |     6 ||     6
Armor: Scale mail        |    37 |    95 |    19 |       ||   151
       Chain mail        |       |       |   102 |    39 ||   141
       Plate armour      |       |       |       |    76 ||    76
Dodge: Dodged            |    41 |   112 |    83 |    73 ||   309
Block: Buckler           |    13 |    59 |    28 |       ||   100
       Kite shield       |       |       |    65 |   152 ||   217
